AoeStats
← John Hawkwood

Arabian Desert

509739724Analyzed
1v1 RM · 3d ago on Sep 27, 2026· 31m 23s· 2 players
Game mode
Random Map
Map size
Tiny (2 player)
Population
200
Speed
Normal
Resources
Standard
Victory
Conquest
Starting age
Dark Age
Ending age
Imperial Age
RankedLock teamsTeams togetherTeam positionsShared explorationLock speedFull tech treeHidden civsTurbo modeCheats
Victory
Defeat
🇺🇸 Mongols · United States
994
+17
🇬🇧 Saxons · United Kingdom
1016
-17
John Hawkwood
9:50 Feudal Age
9:14 Loom
11:15 Double-Bit Axe
13:32 Forging
15:03 Horse Collar
15:41 Bloodlines
22:33 Castle Age
22:13 Scale Barding Armor
22:36 Gold Mining
24:28 Iron Casting
24:09 Husbandry
24:55 Wheelbarrow
28:27 Iron Casting
28:12 Chain Barding Armor
Fat_Hamm
9:07 Loom
11:44 Feudal Age
12:51 Double-Bit Axe
13:01 Horse Collar
20:40 Wheelbarrow
22:13 Gold Mining
24:58 Castle Age
24:36 Stone Mining
30:24 Scale Mail Armor
31:11 Forging
Connection lost

Rejoining the realm…

Still unreachable

The connection could not be restored.

Session expired

The server has moved on; the page needs a fresh start.